 Dungeon Crawl Stone Soup version 0.30-a0-4-ga7cffc901d (webtiles) character file.

Game seed: 3909232858334622500

4 Setbun the Sneak (level 1, -2/10 HPs)
             Began as a Kobold Enchanter on Aug 20, 2022.
             Frozen to death by an endoplasm (4 damage)
             ... on level 1 of the Dungeon.
             The game lasted 00:00:08 (135 turns).

Setbun the Sneak (Kobold Enchanter)                  Turns: 135, Time: 00:00:08

Health: -2/10      AC:  2    Str:  5    XL:     1   Next: 77%
Magic:  3/3        EV: 15    Int: 16    God:
Gold:   0          SH:  0    Dex: 15    Spells: 4/4 levels left

rFire   . . .      SeeInvis .    a - +1 dagger
rCold   . . .      Faith    .    (no shield)
rNeg    . . .      Spirit   .    b - +0 robe
rPois   .          Reflect  .    (no helmet)
rElec   .          Harm     .    (no cloak)
rCorr   .          Rampage  .    (no gloves)
Will    .....                    (no boots)
Stlth   ++++......               (no amulet)
HPRegen 0.03/turn                (no ring)
MPRegen 0.08/turn                (no ring)

@: no status effects
A: small, no large weapons, nightstalker 3
a: no special abilities


You were on level 1 of the Dungeon.
You visited 1 branch of the dungeon, and saw 1 of its levels.

Inventory:

Hand Weapons
 a - a +1 dagger (weapon)
Armour
 b - a +0 robe (worn)
Potions
 c - 2 potions of invisibility


   Skills:
 + Level 0.2 Fighting
 * Level 1.7 Short Blades
 + Level 2.4 Dodging
 + Level 4.1 Stealth
 + Level 2.2 Spellcasting
 + Level 3.0 Hexes


You had 4 spell levels left.
You didn't know any spells.
Your spell library contained the following spells:

 Spells                   Type           Power      Damage    Failure   Level
 Ensorcelled Hibernation  Hex/Ice        12%        N/A       16%         2
 Confusing Touch          Hex            11%        N/A       17%         3
 Tukima's Dance           Hex            11%        N/A       17%         3
 Dazzling Flash           Conj/Hex       12%        N/A       32%         3


Dungeon Overview and Level Annotations

Branches:
Dungeon (1/15)

Altars:


Innate Abilities, Weirdness & Mutations

You are small and have problems with some larger weapons.
You are completely attuned to the shadows.


Message History

A bat comes into view.
A bat is nearby!
The helpless bat fails to defend itself.
You impale the bat!!
You kill the bat!
No target in view!
No target in view!
No target in view!
You open the door.
There is an open door here.
Found a robe.
You see here a +0 robe.
An endoplasm comes into view.
The endoplasm quivers.
The endoplasm freezes you.
You are frozen.
You hit the endoplasm.
The endoplasm is heavily wounded.
The endoplasm misses you.
You hit the endoplasm.
The endoplasm is severely wounded.
The endoplasm freezes you.
You are frozen.
Ouch! That really hurt!
* * * LOW HITPOINT WARNING * * *
You are too injured to fight recklessly!
You are too injured to fight recklessly!
You are too injured to fight recklessly!
You are too injured to fight recklessly!
You are too injured to fight recklessly!
You are too injured to fight recklessly!
You are too injured to fight recklessly!
You are too injured to fight recklessly!
You are too injured to fight recklessly!
You are too injured to fight recklessly!
You are too injured to fight recklessly!
You are too injured to fight recklessly!
The endoplasm freezes you.
You are frozen.
You die... .........
PPPPPPPPP PP..<..PP ..PPPPP.. #.# PPP...PPP ##.# PP.PPP.PP ..# P.PP.PP.P #.# .P.PP. .###@### P.P. ...J...# .P.PP. ..##.#.# .PP.PP.P

..#..#.#PPP.PP.PPP.PP
......#PPP.PPP...PPP
####.#.[#PPPP..PPPPP..
........#PPPPPP.....PP


####.##..PPPPPPPP.PPPP ####'###..........#### You could see an endoplasm.

Vanquished Creatures
  A giant cockroach (D:1)
  A goblin (D:1)
  2 bats (D:1)
4 creatures vanquished.

Notes
Turn   | Place    | Note
-------+----------+-------------------------------------------
     0 | D:1      | Setbun the Kobold Enchanter began the quest for the Orb.
     0 | D:1      | Reached XP level 1. HP: 10/10 MP: 3/3
   135 | D:1      | Frozen to death by an endoplasm

Illustrated notes

Levels and vault maps discovered:
D:1:      roderic_crop_circles_arrival_small, layout_basic, serial_shops,
          nicolae_shop_hallway_plus, hellmonk_ecumenical_altar_lost_god,
          minmay_close_crescents

Action                   || total
-------------------------++-------
Melee: Dagger            ||     6
 Stab: Sleeping          ||     4
Dodge: Dodged            ||     1

Table legend: (Time is in decaauts)
 A = Elapsed time spent in this place.
 B = Non-inter-level travel time spent in this place.
 C = Inter-level travel time spent in this place.
 D = Time resting spent in this place.
 E = Time spent auto-exploring this place.
 F = Levels seen in this place.
 G = Mean time per level.
                   A        B        C        D        E       F      G
               +--------+--------+--------+--------+--------+-----+--------+
         Total |    134 |    134 |      0 |      0 |    108 |   1 |  134.0 |
       Dungeon |    134 |    134 |      0 |      0 |    108 |   1 |  134.0 |
               +--------+--------+--------+--------+--------+-----+--------+

Top non-repeatable levels by time:
     D:1: 134 daAuts
